 Dungeon Sprint DCSS version 0.30-a0-778-g2ef04afb54 (webtiles) character file.

Game seed: 13307249195876790661

48 BigDaddyOpFi the Cleaver (level 8, -21/82 HPs)
             Began as a Hill Orc Fighter on Feb 16, 2023.
             Was a Follower of Qazlal.
             Demolished by a two-headed ogre
             ... wielding a +0 dire flail
              (31 damage)
             ... in the Dungeon (Sprint VI: "Thunderdome").
             The game lasted 00:01:59 (332 turns).

BigDaddyOpFi the Cleaver (Hill Orc Fighter)          Turns: 332, Time: 00:01:59

Health: -21/82     AC:  8    Str: 21    XL:     8   Next: 63%
Magic:  2/4        EV:  9    Int: 14    God:    Qazlal [*.....]
Gold:   100        SH:  8    Dex: 14    Spells: 7/7 levels left

rFire   . . .      SeeInvis +    a - +0 war axe
rCold   . . .      Faith    .    c - +0 buckler
rNeg    + . .      Spirit   .    b - +0 scale mail
rPois   +          Reflect  .    (no helmet)
rElec   +          Harm     .    (no cloak)
rCorr   .          Rampage  .    (no gloves)
Will    .....      NoTele   +    (no boots)
Stlth   ++                       o - amulet "Xoseusui" {rN+ Regen+}
HPRegen 1.13/turn                r - ring of Twilight {rElec MP-9 Int+6 SInv Stlth+}
MPRegen 0.09/turn                q - ring "Qahiujun" {rPois Dex+4 Stlth+}

@: on berserk cooldown, slowed, very slow
A: no striking features
a: Renounce Religion


You were in the Dungeon.
You worshipped Qazlal.
Qazlal was aware of your devotion.
You visited 1 branch You collected 280 gold pieces.
You spent 180 gold pieces at shops.

Inventory:

Hand Weapons
 a - a +0 war axe (weapon)
Armour
 b - a +0 scale mail (worn)
 c - a +0 buckler (worn)
Jewellery
 o - the amulet "Xoseusui" (around neck) {rN+ Regen+}
   (You bought it in a shop in the Dungeon)

   [amulet of regeneration]

   rN:        It protects you from negative energy.
   Regen:     It increases your rate of health regeneration.
 p - the ring "Wiguajask" {rCorr MP+9 Int+6 Dex-4}
   (You bought it in a shop in the Dungeon)

   [ring of intelligence]

   Int:       It affects your intelligence (+6).
   Dex:       It affects your dexterity (-4).
   MP:        It affects your magic capacity (+9).
   rCorr:     It protects you from acid and corrosion.
 q - the ring "Qahiujun" (right hand) {rPois Dex+4 Stlth+}
   (You bought it in a shop in the Dungeon)

   [ring of poison resistance]

   Dex:       It affects your dexterity (+4).
   rPois:     It protects you from poison.
   Stlth:     It makes you more stealthy.
 r - the ring of Twilight (left hand) {rElec MP-9 Int+6 SInv Stlth+}
   (You bought it in a shop in the Dungeon)

   [ring of see invisible]

   Int:       It affects your intelligence (+6).
   rElec:     It insulates you from electricity.
   MP:        It affects your magic capacity (-9).
   SInv:      It lets you see invisible.
   Stlth:     It makes you more stealthy.
Wands
 l - a wand of light (5)
 m - a wand of iceblast (5)
Scrolls
 j - 4 scrolls of blinking
 n - 3 scrolls of fog
Potions
 e - a potion of curing
 f - 4 potions of heal wounds
 g - 3 potions of haste
 h - 2 potions of magic
 k - a potion of resistance


   Skills:
 + Level 11.2 Fighting
 + Level 11.8 Axes
 + Level 10.2 Armour
 + Level 10.3 Shields
 * Level 7.8 Invocations


You had 7 spell levels left.
You didn't know any spells.
Your spell library was empty.

Dungeon Overview and Level Annotations

Branches:
Dungeon (1/1)

Altars:
Cheibriados
Dithmenos
Fedhas
Gozag
Kikubaaqudgha
Makhleb
Okawaru
Qazlal
Ru
Sif Muna
Trog
Uskayaw
Vehumet
Wu Jian
Xom
Yredelemnul
Zin
The Shining One
Beogh
Lugonu

Shops:
D *[??*?*:[((!!!!


Message History

An ogre comes into view. It is wielding a +0 giant club.
Things that are here:
a +0 giant spiked club; a +0 giant club You feel a strong urge to attack something.
The ogre shouts!
You are no longer berserk.
You are exhausted.
You feel yourself slow down.
You barely miss the ogre. You block the ogre's attack.
You slash the ogre!
The ogre is moderately wounded.
The ogre misses you.
You barely miss the ogre.
The ogre is moderately wounded.
You block the ogre's attack.
You hit the ogre but do no damage.
The ogre is moderately wounded.
The ogre hits you with a +0 giant club!!
You barely miss the ogre.
The ogre is moderately wounded.
You slice the ogre!!
You kill the ogre!
Qazlal accepts your kill.
You are now surrounded by a storm.
Things that are here:
a +0 giant club; an ogre corpse A two-headed ogre comes into view.
It is wielding a +0 dire flail and a +0 giant spiked club.
The two-headed ogre shouts in stereo!
The two-headed ogre barely misses you.
The two-headed ogre hits you with a +0 giant spiked club!
You slash the two-headed ogre!
The two-headed ogre is lightly wounded.
You hit the two-headed ogre but do no damage.
The two-headed ogre is lightly wounded.
The two-headed ogre closely misses you.
The two-headed ogre hits you with a +0 giant spiked club!!
* * * LOW HITPOINT WARNING * * *
The two-headed ogre hits you with a +0 dire flail.
* * * LOW HITPOINT WARNING * * *
The two-headed ogre hits you with a +0 giant spiked club!!
You die...

#⌠..........# #.<.# #..........
#⌠.....÷.÷..###...###..........
##......†......###.............
###∩........8.# #.8........∩##
##∩___......###.......__∩##
######.8..)......8.######
#⌠...........⌠# ###..§......###
#_.@....†_# #_.O..).._#
#_......._# #∩.......∩#
##∩.....∩## ##.....## ##⌠§⌠##
#####


You could see a two-headed ogre.

Vanquished Creatures
  A two-headed ogre (D)
  3 water moccasins (D)
  An ogre (D)
  6 scorpions (D)
  A killer bee (D)
12 creatures vanquished.

Notes
Turn   | Place    | Note
-------+----------+-------------------------------------------
     0 | D        | BigDaddyOpFi the Hill Orc Fighter began the quest for the
                  | Orb.
     0 | D        | Reached XP level 1. HP: 19/19 MP: 1/1
     4 | D        | Found an ancient bone altar of Kikubaaqudgha.
     5 | D        | Found a hide-covered altar of Uskayaw.
     5 | D        | Found a corrupted altar of Lugonu.
     5 | D        | Round 1.
     6 | D        | Found a shimmering altar of Xom.
     6 | D        | Found a shimmering blue altar of Sif Muna.
     7 | D        | Found a bloodstained altar of Trog.
     7 | D        | Found an iron altar of Okawaru.
     7 | D        | Found Lysam's Identification Station.
     8 | D        | Found Vydiec's Jewellery.
     8 | D        | Found Ixka's Advanced Armour.
    16 | D        | Bought a bound platinum amulet for 45 gold pieces
    16 | D        | Identified the amulet "Xoseusui" {rN+ Regen+} (You bought
                  | it in a shop in the Dungeon)
    16 | D        | Bought an ancient amber ring for 45 gold pieces
    16 | D        | Identified the ring "Wiguajask" {rCorr MP+9 Int+6 Dex-4}
                  | (You bought it in a shop in the Dungeon)
    16 | D        | Bought an ancient golden ring for 45 gold pieces
    16 | D        | Identified the ring "Qahiujun" {rPois Dex+4 Stlth+} (You
                  | bought it in a shop in the Dungeon)
    23 | D        | Bought a fine turquoise ring for 45 gold pieces
    23 | D        | Identified the ring of Twilight {rElec MP-9 Int+6 SInv
                  | Stlth+} (You bought it in a shop in the Dungeon)
    27 | D        | Noticed a water moccasin
    31 | D        | Found a blossoming altar of Fedhas.
    33 | D        | Noticed a water moccasin
    33 | D        | Noticed a scorpion
    39 | D        | Killed a scorpion
    40 | D        | Reached skill level 5 in Fighting
    40 | D        | Reached skill level 5 in Axes
    40 | D        | Reached skill level 5 in Armour
    40 | D        | Reached skill level 5 in Shields
    40 | D        | Reached XP level 2. HP: 30/30 MP: 0/2
    40 | D        | Reached XP level 3. HP: 37/37 MP: 0/3
    40 | D        | Reached XP level 4. HP: 44/44 MP: 0/4
    42 | D        | Killed a water moccasin
    43 | D        | Reached XP level 5. HP: 52/52 MP: 0/5
    46 | D        | Killed a water moccasin
    47 | D        | Reached XP level 6. HP: 55/61 MP: 0/6
    51 | D        | Found an opulent altar of Gozag.
    52 | D        | Found Oqif's Magic Scroll Shop.
    53 | D        | Found a glowing golden altar of the Shining One.
    53 | D        | Found an ornate altar of the Wu Jian Council.
    53 | D        | Found Cudu's Staff Store.
    53 | D        | Found Iwoul's Magic Scroll Shop.
    53 | D        | Found Yplib's Must-Have Magic.
    57 | D        | Found a roughly hewn altar of Beogh.
    60 | D        | Found a glowing silver altar of Zin.
    61 | D        | Found Erokut's Distillery.
    62 | D        | Found Sikhiaqoet's Distillery.
    62 | D        | Found Xaixkoif's Bottled Wisdom.
    63 | D        | Found a burning altar of Makhleb.
    63 | D        | Found a stormy altar of Qazlal.
    63 | D        | Found Dyrheosk's Do-It-Yourself Clinic.
    67 | D        | Found a radiant altar of Vehumet.
    68 | D        | Found a sacrificial altar of Ru.
    69 | D        | Found a shadowy altar of Dithmenos.
    70 | D        | Found Tionarat's Weapon Rack.
    71 | D        | Found a snail-covered altar of Cheibriados.
    71 | D        | Found a basalt altar of Yredelemnul.
    71 | D        | Found Plog's Premium Goods.
    71 | D        | Found Moklul's Basic Armour.
    71 | D        | Found Yjoat's Miscellaneous Merchandise.
    90 | D        | Arena points: 12 (+12) [x2]
   151 | D        | Round 2.
   178 | D        | Reached skill level 10 in Axes
   178 | D        | Reached XP level 7. HP: 70/70 MP: 0/7
   196 | D        | Reached skill level 10 in Fighting
   217 | D        | Became a worshipper of Qazlal Stormbringer
   262 | D        | Arena points: 48 (+36) [x3]
   303 | D        | Round 3.
   305 | D        | Noticed a two-headed ogre
   316 | D        | Killed a two-headed ogre
   317 | D        | Reached skill level 10 in Armour
   317 | D        | Reached skill level 10 in Shields
   317 | D        | Reached XP level 8. HP: 71/82 MP: 0/13
   326 | D        | Reached * piety under Qazlal
   328 | D        | Noticed a two-headed ogre
   332 | D        | Demolished by a two-headed ogre

Illustrated notes

Levels and vault maps discovered:
D:        arena_sprint

Skill      XL: |  1  2  3  4  5  6  7 |
---------------+----------------------+-----
Fighting       | 5 7 8 9 11 | 11.2
Axes           | 5 7 8 10 11 | 11.8
Armour         | 5 6 7 8 10 | 10.2
Shields        | 5 6 7 8 10 | 10.3
Invocations    | 7 |  7.8

Action                     |  1- 3 |  4- 6 |  7- 9 || total
---------------------------+-------+-------+-------++-------
  Melee: War axe           |     4 |    22 |    44 ||    70
    Use: Potion            |     2 |       |     1 ||     3
 Armour: Scale mail        |     4 |     4 |    12 ||    20
  Dodge: Dodged            |     5 |    10 |    13 ||    28
  Block: Buckler           |     2 |    10 |    16 ||    28

Table legend: (Time is in decaauts)
 A = Elapsed time spent in this place.
 B = Non-inter-level travel time spent in this place.
 C = Inter-level travel time spent in this place.
 D = Time resting spent in this place.
 E = Time spent auto-exploring this place.
 F = Levels seen in this place.
 G = Mean time per level.
                   A        B        C        D        E       F      G
               +--------+--------+--------+--------+--------+-----+--------+
         Total |    318 |    318 |      0 |     66 |      0 |   1 |  318.0 |
       Dungeon |    318 |    318 |      0 |     66 |      0 |   1 |  318.0 |
               +--------+--------+--------+--------+--------+-----+--------+

Top non-repeatable levels by time:
       D: 318 daAuts
